 Dungeon Crawl Stone Soup version 0.19.3-1-g3169bf9 (webtiles) character file.

515 ChocoTaco the Conjurer (level 7, -3/36 HPs)
             Began as a Deep Elf Conjurer on Jan 26, 2017.
             Killed from afar by an orc wizard (8 damage)
             ... with a puff of frost
             ... on level 4 of the Dungeon.
             The game lasted 00:10:16 (5262 turns).

ChocoTaco the Conjurer (Deep Elf Conjurer)          Turns: 5262, Time: 00:10:17

Health: -3/36      AC:  7    Str:  5    XL:     7   Next: 0%
Magic:  16/17      EV: 13    Int: 22    God:
Gold:   130        SH:  0    Dex: 15    Spells: 3 memorised, 9 levels left

rFire  . . .     SeeInvis .     s - +3 quarterstaff (chaos)
rCold  . . .     Gourm    .     a - +0 robe
rNeg   . . .     Faith    .     (shield currently unavailable)
rPois  .         Spirit   .     (no helmet)
rElec  .         Reflect  .     o - +0 cloak
rCorr  .         Harm     .     (no gloves)
MR     .....                    (no boots)
Stlth  ++........               (no amulet)
                                p - +4 ring of protection
                                i - ring of wizardry

@: very slightly contaminated
A: no striking features
a: no special abilities


You were on level 4 of the Dungeon.
You were very hungry.

You visited 1 branch of the dungeon, and saw 4 of its levels.

You collected 130 gold pieces.

Inventory:

Hand Weapons
 m - a +0 blowgun
 n - a +0 short sword
 q - a +0 falchion
 s - a +3 quarterstaff of chaos (weapon)
Armour
 a - a +0 robe (worn)
 o - a +0 cloak (worn)
Jewellery
 i - a ring of wizardry (left hand)
 p - a +4 ring of protection (right hand)
Scrolls
 d - 5 scrolls of teleportation {unknown}
 g - a scroll of magic mapping {unknown}
 h - 3 scrolls of remove curse {unknown}
 j - 2 scrolls of immolation {unknown}
 k - a scroll of noise {unknown}
 r - 2 scrolls of identify {unknown}
 u - a scroll of blinking {unknown}
Potions
 e - 2 potions of might {unknown}
 f - a potion of degeneration {unknown}
 l - a potion of brilliance {unknown}
 t - a potion of haste {unknown}
 v - a potion of flight {unknown}
 x - a potion of heal wounds {unknown}
Books
 b - a book of Conjurations

   Spells                             Type                      Level
   a - Magic Dart                     Conjuration                  1
   b - Searing Ray                    Conjuration                  2
   c - Dazzling Spray                 Conjuration/Hexes            3
   d - Fulminant Prism                Conjuration/Hexes            4
   e - Iskenderun's Mystic Blast      Conjuration                  4
   f - Iskenderun's Battlesphere      Conjuration/Charms           5
Comestibles
 c - 3 bread rations
 w - a meat ration


   Skills:
 - Level 2.7 Dodging
 - Level 2.6 Stealth
 + Level 5.7 Spellcasting
 - Level 7.0 Conjurations
 - Level 5.1 Charms


You had 9 spell levels left.
You knew the following spells:

 Your Spells              Type           Power        Failure   Level  Hunger
a - Magic Dart            Conj           ####         1%          1    None
b - Searing Ray           Conj           #####.       1%          2    None
c - Iskenderun's Battles  Conj/Chrm      ####....     12%         5    #####..


Dungeon Overview and Level Annotations

Branches:
Dungeon (4/15)             Temple (0/1) D:4

Altars:
Gozag


Message History

Casting: Searing Ray
Confirm with . or Enter, or press ? or * to list all spells.
You miscast Iskenderun's Battlesphere.
You are very lightly contaminated with residual magic.
A wave of violent energy washes through your body!
The orc priest casts a cantrip, but nothing happens.
The orc priest mumbles some strange prayers to Beogh against you.
Beogh smites you!
Things that are here:
a club; a ring mail The orc priest begins to cast a cantrip, but forgets the words!
The orc priest looks encouraged for a moment.
The orc wizard points at you and mumbles some strange words.
The puff of frost hits you!
The orc priest mumbles some strange prayers to Beogh against you.
Beogh smites you!
* * * LOW HITPOINT WARNING * * *
The orc wizard points at you and mumbles some strange words.
The puff of frost hits you!
You die...

# #......###..############.#
# #......# #...............#
# #......# ##.###########..#
# #.###### #.###....).##..# #
#.# #.#.......###..# ## #.#
#.#.#.#######..#
.###.#########.#.#..........#
..........o.o.....>#######.##
..##.####.####.#.@..<....#.#
...#.# #.# #.#......##.#.#
#o.#.####'####.#......<#.#.#
##.#o#.........#.#######.#.#
#.#.#.........#.........#.#
#...#.........###########.#
##...#.....................#
#.#[####......##############
#.#.#####'#####


You could see an orc priest and an orc wizard.

Vanquished Creatures
  Sigmund (D:2)
  An ogre (D:4)
  2 orc wizards (D:3)
  Crazy Yiuf (D:2)
  An iguana (D:3)
  A worker ant (D:4)
  4 adders
  An ooze (D:2)
  4 worms
  2 dart slugs
  3 leopard geckos
  6 orcs
  5 giant cockroaches
  7 goblins
  11 hobgoblins
  7 kobolds
  A quokka (D:3)
  A ball python (D:3)
  3 bats
  5 frilled lizards
  A leopard gecko skeleton (D:4)
  8 rats
76 creatures vanquished.

Notes
Turn   | Place    | Note
-------+----------+-------------------------------------------
     0 | D:1      | ChocoTaco the Deep Elf Conjurer began the quest for the Orb.
     0 | D:1      | Reached XP level 1. HP: 10/10 MP: 6/6
   380 | D:1      | Reached XP level 2. HP: 15/15 MP: 4/8
   386 | D:1      | Learned a level 2 spell: Searing Ray
  1349 | D:2      | Noticed Sigmund
  1358 | D:2      | Killed Sigmund
  1358 | D:2      | Reached skill level 6 in Conjurations
  1358 | D:2      | Reached XP level 3. HP: 19/19 MP: 1/10
  1358 | D:2      | Reached XP level 4. HP: 24/24 MP: 1/12
  1358 | D:2      | Reached XP level 5. HP: 28/28 MP: 1/13
  1488 | D:2      | Learned a level 5 spell: Iskenderun's Battlesphere
  1555 | D:2      | Found a runed door.
  1802 | D:2      | Reached skill level 7 in Conjurations
  1805 | D:2      | Found an opulent altar of Gozag.
  2076 | D:2      | Reached skill level 1 in Charms
  2488 | D:2      | Noticed Crazy Yiuf
  2492 | D:2      | Killed Crazy Yiuf
  3294 | D:3      | Reached XP level 6. HP: 32/32 MP: 10/14
  3839 | D:3      | Reached skill level 5 in Charms
  4673 | D:4      | Reached skill level 5 in Spellcasting
  4929 | D:4      | Reached XP level 7. HP: 36/36 MP: 10/17
  5229 | D:4      | Found a staircase to the Ecumenical Temple.
  5262 | D:4      | Killed from afar by an orc wizard

Skill      XL: |  1  2  3  4  5  6 |
---------------+-------------------+-----
Spellcasting   | 4 5 |  5.7
Conjurations   | 6 7 |  7.0
Charms         | 3 5 |  5.1
Dodging        | |  2.7
Stealth        | |  2.6

Action                   |  1- 3 |  4- 6 |  7- 9 || total
-------------------------+-------+-------+-------++-------
Melee: Quarterstaff      |       |     1 |       ||     1
 Cast: Magic Dart        |    36 |    49 |     3 ||    88
       Searing Ray       |     4 |    21 |     2 ||    27
       Iskenderun's Batt |       |     2 |       ||     2
  Eat: Chunk             |     1 |    12 |       ||    13
Armor: Robe              |       |     3 |       ||     3
Dodge: Dodged            |     5 |     4 |       ||     9
